[Event "Romanian Team Blitz Women 2022"]
[Site "Sebes"]
[Date "2022.12.04"]
[Round "6.3"]
[White "Bucur, Denisa-Andreea"]
[Black "Schiopu, Andreea-Alexandra"]
[Result "1-0"]
[ECO "D94"]
[WhiteElo "1953"]
[BlackElo "1716"]
[Annotator "TA"]
[PlyCount "133"]
[EventDate "2022.12.04"]
[EventType "blitz"]
[EventCountry "ROU"]
[SourceTitle "playchess.com"]
[Source "ChessBase"]
[SourceQuality "1"]
[TimeControl "180+2"]

1. d4 d5 2. c4 c6 3. Nc3 Nf6 4. e3 g6 5. Nf3 Bg7 6. Bd3 O-O 7. O-O Nbd7 8. cxd5 cxd5 9. Bd2 (9. Qb3 $5 ) 9... Nb6 {[%emt 0:00:01] D94: Grünfeld: 4 Nf3 Bg7 5 e3.} 10. Rc1 Be6 {[%emt 0:00:17] [#]} 11. Qb3 $146 ({Predecessor:} 11. Qe2 Rc8 12. b3 a6 13. a4 Nbd7 14. Rc2 Ne4 15. Nxe4 dxe4 16. Bxe4 Bxb3 17. Rxc8 Qxc8 {½-½ (24) Andi,P (2230)-Halasz,C (2185) Hungary 1997}) 11... Qd7 {[%emt 0:00:14] White is slightly better.} 12. Ne5 Qd8 13. Nb5 Nfd7 14. Nf3 {[%emt 0:00:19] White is much more active. The black rooks are badly placed.} (14. Nxd7 $16 Bxd7 15. Ba5 (15. Nc7 Rc8 $11) 15... Bxb5 16. Bxb5 (16. Qxb5 e5 $16)) 14... a6 $2 (14... Nc4 $11 {and Black has nothing to worry.}) 15. Nc3 $2 (15. Nc7 $18) 15... Rc8 (15... Nb8 $14) 16. Ne2 ({Better is} 16. Ng5 $16) 16... Nf6 $2 (16... Nc4 $14) 17. Ba5 $18 Rxc1 18. Rxc1 Nfd7 19. Nc3 $2 (19. Nf4 $18 {has better winning chances.}) 19... Qc7 $16 20. Rc2 (20. Ng5 $18) 20... Qd6 (20... Qc6 $16) 21. Na4 (21. Bb4 $18 Qb8 22. Bxe7) 21... Nxa4 $14 22. Bc7 {[%emt 0:00:11] [#] Inhibits Nab6.} (22. Qxa4 $14 Nb6 23. Qb4) 22... Ndc5 $1 $15 23. Bxd6 Nxb3 24. Bxe7 Re8 {[%emt 0:00:10] White must now prevent ...Nxd4.} 25. axb3 Nxb2 26. Rxb2 Rxe7 27. Rc2 Bf5 $2 (27... Bf6 $11) 28. Bxf5 $18 gxf5 {[%emt 0:00:01][%mdl 4096] Endgame KRB-KRN} 29. Rc8+ Bf8 30. Ne5 Kg7 31. h4 f6 32. Nd3 Kf7 33. Nf4 Rd7 34. Nd3 $2 (34. g3 $18) 34... Bh6 $2 (34... Re7 $1 $11 {and Black stays safe.}) 35. Nc5 Re7 36. Rd8 (36. g3 $18) 36... f4 37. exf4 (37. Rxd5 $6 fxe3 38. fxe3 Bxe3+ 39. Kf1 h6 $11) 37... Bxf4 {[%emt 0:00:01][%cal Re7e1] [#]} 38. g3 $1 (38. Rxd5 $2 Re1#) 38... Bc7 (38... Bc1 $16 {is a better defense.} 39. Rxd5 Ba3) 39. Rxd5 Bb6 40. Rh5 ({White should play} 40. Kg2 $18) 40... Kg6 $14 41. Rd5 (41. g4 $1 $14) 41... Bxc5 (41... Kf7 $1 $11 {remains equal.}) 42. dxc5 $11 {[%emt 0:00:04] KR-KR} Rc7 (42... Re1+ $14 43. Kh2 Rb1) 43. b4 Kf7 (43... b6 $16 {might work better.} 44. cxb6 Rc6 45. h5+ Kh6) 44. Rd6 $2 (44. Kg2 $18) 44... a5 $16 45. bxa5 {[%emt 0:00:08] And now Rb6 would win.} Rxc5 46. Rb6 Rxa5 47. Rxb7+ Kg6 48. Kg2 Ra3 49. Rb6 Kf5 50. Rb5+ Kg6 51. Kh3 Rf3 52. Kg2 Ra3 53. Rc5 Rb3 54. Rc6 Ra3 55. Rc5 Rb3 $1 56. f3 (56. g4 $142) 56... Rb2+ 57. Kh3 Rb3 (57... h5 $1 $14) 58. Kg4 {[%emt 0:00:03] aiming for h5+.} Rb4+ 59. f4 {[%emt 0:00:01] h5+ is the strong threat.} Rb3 (59... Rb7 $16 {was called for.} 60. Rd5 Ra7) 60. Ra5 $2 ({White must play} 60. h5+ $18 Kg7 61. Rc7+ Kg8 62. h6) 60... Rc3 $2 (60... h5+ $1 $11 61. Kh3 (61. Rxh5 Rxg3+ 62. Kxg3 Kxh5 $11) 61... Rc3) 61. h5+ $18 Kg7 {[%emt 0:00:00] [#]} 62. Ra7+ $1 Kh6 $2 (62... Kg8 63. h6 f5+ 64. Kh4 (64. Kxf5 Rxg3 65. Ra8+ Kf7 $16) 64... Rc5) 63. Rf7 Rc6 (63... f5+ $142 64. Rxf5 (64. Kxf5 Rxg3 65. Rd7 Rh3 $16) 64... Kg7) 64. Kh4 {[%emt 0:00:04] Strongly threatening g4.} Rd6 65. g4 {[%emt 0:00:01] White threatens g5+ and mate.} Rd1 66. g5+ fxg5+ 67. fxg5# {[%emt 0:00:01] Weighted Error Value: White=0.55/Black=0.62} 1-0

[Event "Romanian Team Blitz Women 2022"]
[Site "Sebes"]
[Date "2022.12.04"]
[Round "6.4"]
[White "Bulmaga, Irina"]
[Black "Sariteanu, Sabina"]
[Result "1-0"]
[ECO "B90"]
[WhiteElo "2426"]
[BlackElo "1752"]
[Annotator "TA"]
[PlyCount "115"]
[EventDate "2022.12.04"]
[EventType "blitz"]
[EventCountry "ROU"]
[SourceTitle "playchess.com"]
[Source "ChessBase"]
[SourceQuality "1"]
[TimeControl "180+2"]

1. e4 c5 2. Nf3 d6 3. d4 cxd4 4. Nxd4 Nf6 5. Nc3 a6 6. h3 b5 7. g4 {[%emt 0:00:06] B90: Sicilian Najdorf: Unusual White 6th moves, 6 Be3 Ng4 and 6 Be3 e5.} h6 8. Bg2 {[%emt 0:00:03][%cal Oe4e5] Strongly threatening e5!} Bb7 {[%emt 0:00:18] Against e5} 9. O-O {[%emt 0:00:09] White is slightly better.} e5 {[%emt 0:00:11] Inhibits f4.} 10. Nf5 g6 {[%emt 0:00:03] Against f4} 11. Ne3 Nbd7 12. Ncd5 {[%emt 0:00:01] [#]} Nc5 $146 (12... Nxd5 $11 13. Nxd5 h5) ({Predecessor:} 12... Nxd5 13. Nxd5 Be7 14. a4 bxa4 15. Rxa4 Bg5 16. f4 exf4 17. Rd4 Rc8 18. Nxf4 Qb6 {½-½ (38) Fabig,H (2334)-Timofeev,A (2367) ICCF email 2019}) 13. Nxf6+ $16 (13. f3 Rc8 $11) 13... Qxf6 14. Nd5 ({White should play} 14. f4 $16) 14... Bxd5 $11 15. Qxd5 Rc8 {[%emt 0:00:06] Prevents Qc6+.} 16. f4 (16. Be3 {simplifies} Qe6 17. Qd2 h5 18. g5) 16... Ne6 (16... Qe6 $14) 17. fxe5 (17. f5 $16 {Black must now prevent Qb7.} Nf4 18. Bxf4 exf4 19. c3 (19. Rxf4 Qxb2 20. Raf1 g5 $16)) 17... Qxe5 18. Qb7 Qc5+ (18... Rc7 $15 19. Qa8+ Ke7) 19. Kh1 Be7 20. Be3 Qc6 21. e5 Qxb7 22. Bxb7 Rxc2 23. Rac1 Rxc1 (23... Rxb2 24. Bc6+ (24. Bxa6 dxe5 25. Rc8+ Bd8 $15) (24. Rc8+ Bd8 $18) 24... Kf8 25. Bd5 $18) 24. Rxc1 O-O (24... dxe5 $11 {should be considered.} 25. Bxa6 Bf6) 25. exd6 $14 Bxd6 26. Bxh6 Rd8 27. Rd1 a5 (27... g5 $5 ) 28. Be3 Kf8 29. Bc6 b4 30. Bb6 {[%emt 0:00:04] A strong pair of Bishops.} Rc8 {[%emt 0:00:01][%mdl 8192] [#] This move loses the game for Black.} (30... Rb8 $11) 31. Rxd6 $18 Ke7 32. Rd7+ Kf6 33. Be4 Rc1+ 34. Kg2 a4 35. Bd4+ Nxd4 36. Rxd4 {[%emt 0:00:02][%mdl 4096] Endgame KRB-KR} b3 (36... Ra1 $142 37. Rxb4 a3) 37. axb3 axb3 38. Rb4 Re1 39. Bd3 {[%emt 0:00:09] Prevents Re2+.} Re3 40. Rxb3 Ke5 41. Bc4 Re4 42. Bxf7 g5 43. Bg6 (43. Rb5+ $142 Kf6 44. Rf5+ Kg7 45. Bd5 Re2+ 46. Kf3 Re1 47. Rxg5+ Kf6 48. Rf5+ Kg7 49. h4 Rf1+ 50. Kg3) 43... Rd4 44. Kf3 Rf4+ 45. Ke3 Rf1 46. Rb5+ Kf6 47. Bf5 Re1+ 48. Kf2 Rh1 49. Kg2 Rd1 50. b4 Rd2+ 51. Kf3 {[%emt 0:00:02] [#] Ke3 would kill now.} Rh2 52. Rc5 {[%emt 0:00:03] White wants to mate with b5.} Rxh3+ 53. Ke4 {[%emt 0:00:00] White mates.} Rb3 54. b5 Rb4+ 55. Kd5 Rb1 56. Kc6 Rd1 57. b6 Rb1 58. Bxb1 {[%emt 0:00:02] Weighted Error Value: White=0.20 (precise) /Black=0.44} 1-0

[Event "Romanian Team Blitz Women 2022"]
[Site "Sebes"]
[Date "2022.12.04"]
[Round "6.5"]
[White "Chicarosie, Ioana-Bianca"]
[Black "Cosma, Elena-Luminita"]
[Result "0-1"]
[ECO "D02"]
[WhiteElo "1815"]
[BlackElo "2244"]
[Annotator "TA"]
[PlyCount "108"]
[EventDate "2022.12.04"]
[EventType "blitz"]
[EventCountry "ROU"]
[SourceTitle "playchess.com"]
[Source "ChessBase"]
[SourceQuality "1"]
[TimeControl "180+2"]

1. d4 d5 2. Nf3 Nf6 3. Nbd2 Bf5 4. g3 h6 5. Bg2 e6 6. O-O {[%emt 0:00:05] D02: 1 d4 d5 2 Nf3 sidelines, including 2...Nf6 3 g3 and 2...Nf6 3 Bf4.} c5 7. dxc5 (7. c4 {simplifies} Nbd7 8. cxd5 exd5 9. dxc5 Bxc5 10. Nb3) 7... Bxc5 8. c4 {[%emt 0:00:04] The position is equal.} dxc4 9. Nxc4 {[%emt 0:00:15] Qxd8+ is the strong threat.} Nc6 {[%emt 0:00:45] [#]} 10. Nfe5 $146 ({Predecessor:} 10. Qxd8+ Rxd8 11. Nfe5 Nxe5 12. Nxe5 Be4 13. a3 O-O 14. Bxe4 Nxe4 15. e3 Rd5 16. b4 Rxe5 {0-1 (28) Van der Wilt,N-Heemskerk,F (2005) Vlissingen 1997}) 10... Nxe5 11. Nxe5 {[%emt 0:00:05] Hoping for Qa4+.} Qxd1 12. Rxd1 Be4 13. Bf4 Bxg2 14. Kxg2 O-O 15. Rac1 Rfc8 16. Nd7 Be7 17. Nxf6+ Bxf6 18. b3 a6 19. a4 b5 20. Rxc8+ Rxc8 $11 {[%emt 0:00:02][%mdl 4096] Endgame KRB-KRB} 21. Rd6 Rc3 22. axb5 axb5 23. b4 (23. Rd3 $11) 23... Rb3 (23... Rc4 $17) 24. Bd2 $1 Rb2 25. e3 Be7 26. Rd7 (26. Rd4 $1 $15) 26... Bxb4 $17 {[%emt 0:00:02] Black is more active.} 27. Bxb4 Rxb4 {[%emt 0:00:02] KR-KR} 28. Rb7 Rb2 29. Kf3 g6 30. h4 h5 31. Kg2 Kg7 32. Kf3 Kf6 33. Ke4 {[%emt 0:00:02] [#]} Rxf2 (33... b4 $142 $1 34. Kf3 b3) 34. Rxb5 Rf5 35. Rxf5+ {[%emt 0:00:03][%mdl 8192] This costs White the game.} (35. Rb8 $17) 35... gxf5+ {[%emt 0:00:03] KP-KP. Black mates.} 36. Kf4 {[%emt 0:00:01] [#]} e5+ $1 37. Kf3 Kg6 38. Kg2 f4 39. gxf4 exf4 40. exf4 {[%emt 0:00:01] KPP-KPP} Kf5 41. Kg3 Ke4 42. f5 Kxf5 {[%emt 0:00:17] KPP-KP} 43. Kf3 f6 44. Kg3 Ke4 45. Kg2 Kf4 46. Kf2 Kg4 47. Kg2 Kxh4 {[%emt 0:00:00] KP-KP} 48. Kh2 Kg4 49. Kg2 f5 50. Kf2 Kf4 51. Kg2 Ke3 52. Kf1 Kf3 53. Kg1 f4 54. Kf1 h4 {[%emt 0:00:00] Weighted Error Value: White=0.21 (precise) /Black=0.08 (flawless)} 0-1

[Event "Romanian Team Blitz Women 2022"]
[Site "Sebes"]
[Date "2022.12.04"]
[Round "6.6"]
[White "Ciolacu, Alessia-Mihaela"]
[Black "Hoanca, Alexia-Ioana"]
[Result "1-0"]
[ECO "A70"]
[WhiteElo "2097"]
[BlackElo "1644"]
[Annotator "TA"]
[PlyCount "111"]
[EventDate "2022.12.04"]
[EventType "blitz"]
[EventCountry "ROU"]
[SourceTitle "playchess.com"]
[Source "ChessBase"]
[SourceQuality "1"]
[TimeControl "180+2"]

1. d4 Nf6 2. c4 c5 3. d5 e6 4. Nc3 exd5 5. cxd5 d6 6. Nf3 g6 7. e4 Bg7 8. h3 O-O 9. Bd3 b5 10. Nxb5 Re8 ({But not} 10... c4 11. Bxc4 Nxe4 12. O-O $16) 11. Nc3 {[%emt 0:00:46] A70: Modern Benoni: 6 e4 g6 7 Nf3.} Nxe4 12. Bxe4 (12. Nxe4 $11 {remains equal.} f5 13. Bg5) 12... f5 $2 {[%emt 0:00:01] [#]} (12... Bxc3+ $17 13. bxc3 Rxe4+ 14. Be3 Ba6) 13. O-O $1 $14 {[%emt 0:00:06] White is slightly better.} fxe4 14. Ng5 {[%emt 0:00:01] [#]} ({White should play} 14. Bg5 $16 Qb6 15. Re1) 14... Bf5 $146 (14... e3 $1 $11 15. Ne6 Bxe6 16. dxe6 exf2+ 17. Rxf2 Nc6) ({Predecessor:} 14... e3 15. Nce4 exf2+ 16. Nxf2 h6 17. Ne6 Bxe6 18. dxe6 Nc6 19. Ng4 Nd4 20. Bxh6 Rxe6 {½-½ (35) Mamedyarov,S (2768)-Matlakov,M (2694) Doha 2016}) 15. Re1 $16 Nd7 16. Ngxe4 {[%emt 0:00:02] Pair of Knights!} Ne5 (16... Bxc3 $142 17. Nxc3 Qh4) 17. Bg5 $36 {[%emt 0:00:03][%mdl 2048] White is really pushing.} Qd7 18. Nf6+ Bxf6 19. Bxf6 Rf8 $2 {[%emt 0:00:09][%mdl 8192] This costs Black the game.} (19... Nd3 $16 20. Rxe8+ Rxe8) 20. Bxe5 $18 dxe5 21. Rxe5 {[%emt 0:00:03] Strongly threatening d6.} Rfe8 22. Rxe8+ Rxe8 (22... Qxe8 {was necessary.} 23. Qd2 Qe5) 23. Qd2 Qe7 24. d6 Qe6 25. Rd1 Rd8 26. Nd5 Kf7 27. Ne7 ({Not} 27. Qh6 g5 28. Qh5+ Bg6 29. Qf3+ Qf5 $18) 27... c4 (27... Rd7 $142 28. Qh6 Rxd6 29. Qxh7+ Kf8 30. Rxd6 Qxd6 31. Nxf5 gxf5 32. Qxf5+ Kg7) 28. Nc6 Rd7 29. Qf4 Kg7 (29... Kg8 $142 30. Ne7+ Kf7) 30. Qd4+ Kg8 31. Ne5 Rd8 32. Nxc4 Qe8 33. Qf6 Qf8 34. Qg5 Be6 35. Qc5 Bxc4 $2 (35... Rc8 36. Qe5 Bxc4) 36. Qxc4+ {[%emt 0:00:01][%mdl 4096] Endgame KQR-KQR} Qf7 37. Qc6 Qe6 38. Qc7 Rd7 39. Qc8+ Kg7 40. Qc3+ Kf7 41. Qh8 Qxd6 42. Rxd6 Rxd6 43. Qxh7+ {[%emt 0:00:14] KQ-KR} Kf6 44. Qxa7 Rd1+ 45. Kh2 Rd2 46. b4 Rb2 47. Qa6+ Kf5 48. b5 g5 49. b6 g4 50. hxg4+ Kxg4 51. b7 (51. Qc8+ $142 Kh5 52. Qh8+ Kg4 53. Qxb2 Kg5 54. b7 Kh6 55. b8=Q Kg6 56. Qd6+ Kh7 57. Qb7+ Kh8 58. Qf8#) 51... Rxf2 52. b8=R {[%emt 0:00:01] [#] White wants to mate with Qe6+.} Rf5 53. Rg8+ (53. Qc4+ $142 Kg5 54. Qe6 Kf4 55. Qd6+ Re5 56. Rb5 Kg4 57. Rxe5 Kh4 58. Qd4#) 53... Kf4 54. Qc4+ Ke3 55. Re8+ Kf2 56. Qe2# {[%emt 0:00:02] Weighted Error Value: White=0.44/Black=0.92} 1-0